 Dungeon Crawl Stone Soup version 0.30-a0-141-g30f27751c5 (webtiles) character file.

Game seed: 12693022838773217416

1062 qw the Chopper (level 8, -1/48 HPs)
             Began as a Gargoyle Fighter on Sept 25, 2022.
             Slain by a hornet (2 damage)
             ... on level 5 of the Dungeon.
             The game lasted 00:02:04 (5646 turns).

qw the Chopper (Gargoyle Fighter)                   Turns: 5646, Time: 00:02:04

Health: -1/48      AC: 26    Str: 21      XL:     8   Next: 27%
Magic:  8/8        EV:  9    Int: 15 (17) God:
Gold:   295        SH:  8    Dex:  8 (9)  Spells: 7/7 levels left

rFire   . . .      SeeInvis .    Y - +0 war axe (protect)
rCold   + . .      Faith    .    g - +0 kite shield
rNeg    + . .      Spirit   .    n - +5 ring mail of Insatiable Hunger {Int+7}
rPois   inf        Reflect  .    (no helmet)
rElec   +          Harm     .    (no cloak)
rCorr   .          Rampage  .    a - +2 pair of gloves
Will    .....                    (no boots)
Stlth   ..........               (no amulet)
HPRegen 0.16/turn                s - ring of protection from cold
MPRegen 0.11/turn                (no ring)

@: under a protective aura
A: sickness immunity, AC +5, negative energy resistance 1, electricity
resistance, torment resistance 1, petrification resistance
a: no special abilities


You were on level 5 of the Dungeon.
You visited 1 branch of the dungeon, and saw 5 of its levels.

You collected 295 gold pieces.


Innate Abilities, Weirdness & Mutations

You are immune to sickness and miasma.
Your stone body is resilient. (AC +5)
You are immune to poison.
You resist negative energy. (rN+)
You are resistant to electric shocks. (rElec)
You are resistant to unholy torment.
You are immune to petrification.


   Skills:
 - Level 4.0 Fighting
 + Level 6.9 Axes
 - Level 1.0 Throwing
 - Level 3.2 Armour
 - Level 1.6 Dodging
 - Level 6.1 Shields


You had 7 spell levels left.
You didn't know any spells.
Your spell library was empty.

Inventory:

Hand Weapons
 f - a +0 flail
 Y - a +0 war axe of protection (weapon)
Missiles
 b - 2 boomerangs
 h - 5 javelins (quivered)
Armour
 a - a +2 pair of gloves (worn)
 g - a +0 kite shield (worn)
 n - the +5 ring mail of Insatiable Hunger (worn) {Int+7}
   (You found it on level 2 of the Dungeon)

   Int:       It affects your intelligence (+7).
Jewellery
 s - a ring of protection from cold (left hand)
Scrolls
 c - a scroll of enchant armour
 i - 3 scrolls of identify
Potions
 d - a potion of might
 l - a potion of haste
 p - a potion of attraction
 t - a potion of lignification

Dungeon Overview and Level Annotations

Branches:
Dungeon (5/15)
 Temple: D:4-7

Altars:
Ashenzari
Cheibriados
Nemelex Xobeh
Vehumet
Wu Jian

Annotations:
D:3 1 transporter


Message History

You miss the hornet.
The hornet is moderately wounded.
You block the hornet's attack. The hornet barely misses you.
You barely miss the hornet.
The hornet is moderately wounded.
The hornet stings you but does no damage.
You block the hornet's attack.
You miss the hornet.
The hornet is moderately wounded.
The hornet closely misses you. You block the hornet's attack.
You closely miss the hornet.
The hornet is moderately wounded.
The hornet stings you! x2
You hit the hornet but do no damage.
Your weapon exudes an aura of protection.
The hornet is moderately wounded.
The hornet stings you but does no damage. x2
You miss the hornet.
The hornet is moderately wounded.
You block the hornet's attack.
The hornet stings you but does no damage.
You completely miss the hornet.
The hornet is moderately wounded.
The hornet stings you.
The hornet stings you but does no damage.
You closely miss the hornet.
The hornet is moderately wounded.
You block the hornet's attack. The hornet closely misses you.
You slash the hornet!
Your weapon exudes an aura of protection.
The hornet is heavily wounded.
The hornet stings you! The hornet stings you.
You hit the hornet.
The hornet is heavily wounded.
You block the hornet's attack.
The hornet stings you but does no damage.
You barely miss the hornet.
The hornet is heavily wounded.
The hornet stings you.
You die...

############.# #..#|..>##
######.# #..####..#
##......# #..# ##.### #
##)......#####..#####...##
#
#.........#.........###..#
#
#.........#...<.....##..##
##
#....................|.##
.#
#.<.....##..##..##..####
.# #.....(####.@..####.#
.# #....(.## ##y.## ##.#
.# #......)## #..# ##..#
.# #........###..###...#
.# #....[.#..........#.#
## #......#...(......#.# #
##.......###..###...# #
##.....## #..# ##..# #
###..## #..# #.#


You could see a hornet.

Vanquished Creatures
  Grinder (D:3)
  Sigmund (D:3)
  A steam dragon (D:5)
  An ogre (D:4)
  A kobold brigand (D:5)
  A jelly (D:5)
  2 hounds
  2 iguanas (D:4)
  5 gnolls
  5 adders
  A white imp (D:5)
  3 dart slugs (D:1)
  7 orcs
  6 ball pythons
  9 endoplasms
  3 giant cockroaches
  15 goblins
  7 hobgoblins
  11 kobolds
  3 quokkas
  5 bats
  7 frilled lizards
  4 rats
101 creatures vanquished.

Vanquished Creatures (others)
  A water moccasin (D:5)
1 creature vanquished.

Grand Total: 102 creatures vanquished

Notes
Turn   | Place    | Note
-------+----------+-------------------------------------------
     0 | D:1      | qw the Gargoyle Fighter began the quest for the Orb.
     0 | D:1      | Reached XP level 1. HP: 14/14 MP: 1/1
     0 | D:1      | 0 ||| qw: Version: 0.2-a-10-g399e6c4
     0 | D:1      | 0 ||| qw: Game counter: 388
     0 | D:1      | 0 ||| qw: Always use a shield: true
     0 | D:1      | 0 ||| qw: God list: Okawaru
     0 | D:1      | 0 ||| qw: Allow faded altars: false
     0 | D:1      | 0 ||| qw: Do Orc after D:15 true
     0 | D:1      | 0 ||| qw: Do second Lair branch before Depths: true
     0 | D:1      | 0 ||| qw: Lair rune preference: random
     0 | D:1      | 0 ||| qw: Plans: Normal, Zot:1-4, God:TSO, Crypt, Tomb,
                  | Pan, Slime:5, Hells, Abyss, Orb
     0 | D:1      | 0 ||| PLANNING D:1-11
    99 | D:1      | 99 ||| Stepping randomly (stuck).
   136 | D:1      | Reached XP level 2. HP: 19/19 MP: 2/2
   191 | D:1      | 191 ||| Stepping randomly (stuck).
   236 | D:1      | Found a faded altar of an unknown god.
   241 | D:1      | 241 ||| Stepping ~*~*~tactically~*~*~ (hiding).
   243 | D:1      | 243 ||| Stepping ~*~*~tactically~*~*~ (hiding).
   332 | D:1      | 332 ||| Stepping ~*~*~tactically~*~*~ (hiding).
   344 | D:1      | Reached skill level 3 in Axes
   418 | D:1      | Reached XP level 3. HP: 19/23 MP: 3/3
   773 | D:1      | 773 ||| DROPPING +0 club.
   789 | D:1      | 789 ||| UPGRADING to +0 kite shield.
   803 | D:1      | 803 ||| DROPPING +0 buckler.
  1042 | D:1      | 1042 ||| READING scroll labelled ATESU ITU.
  1043 | D:1      | 1043 ||| READING scroll labelled YCVAUR KIVVAAR.
  1044 | D:1      | 1044 ||| READING scroll labelled CEEKICS KACO.
  1045 | D:1      | 1045 ||| READING scroll labelled ETOYRO DAH EMN.
  1121 | D:2      | 1121 ||| Stepping ~*~*~tactically~*~*~ (stealth).
  1124 | D:2      | 1124 ||| Stepping ~*~*~tactically~*~*~ (stealth).
  1174 | D:2      | Reached skill level 1 in Throwing
  1177 | D:2      | 1177 ||| FLEEEEING.
  1178 | D:2      | 1178 ||| FLEEEEING.
  1181 | D:2      | 1181 ||| FLEEEEING.
  1182 | D:2      | 1182 ||| FLEEEEING.
  1183 | D:2      | 1183 ||| FLEEEEING.
  1184 | D:2      | 1184 ||| FLEEEEING.
  1185 | D:2      | 1185 ||| FLEEEEING.
  1186 | D:2      | 1186 ||| FLEEEEING.
  1187 | D:2      | 1187 ||| FLEEEEING.
  1188 | D:2      | 1188 ||| FLEEEEING.
  1189 | D:2      | 1189 ||| FLEEEEING.
  1190 | D:2      | 1190 ||| FLEEEEING.
  1191 | D:2      | 1191 ||| FLEEEEING.
  1192 | D:2      | 1192 ||| FLEEEEING.
  1193 | D:2      | 1193 ||| FLEEEEING.
  1194 | D:2      | 1194 ||| FLEEEEING.
  1195 | D:2      | 1195 ||| FLEEEEING.
  1196 | D:2      | 1196 ||| FLEEEEING.
  1197 | D:2      | 1197 ||| FLEEEEING.
  1198 | D:2      | 1198 ||| FLEEEEING.
  1199 | D:2      | 1199 ||| FLEEEEING.
  1200 | D:2      | 1200 ||| FLEEEEING.
  1201 | D:2      | 1201 ||| FLEEEEING.
  1202 | D:2      | 1202 ||| FLEEEEING.
  1203 | D:2      | 1203 ||| FLEEEEING.
  1204 | D:2      | 1204 ||| FLEEEEING.
  1522 | D:2      | Reached XP level 4. HP: 28/28 MP: 4/4
  1776 | D:2      | Identified the +5 ring mail of Insatiable Hunger {Int+7}
  2065 | D:2      | 2065 ||| UPGRADING to +2 pair of gloves.
  2070 | D:2      | 2070 ||| UPGRADING to +5 ring mail of Insatiable Hunger
                  | {Int+7}.
  2080 | D:2      | 2080 ||| DROPPING +0 scale mail.
  2081 | D:2      | 2081 ||| READING scroll labelled NOLYDU UHERPHOK.
  2082 | D:2      | 2082 ||| READING scroll labelled HITHRA UMAM.
  2083 | D:2      | 2083 ||| DRINKING 2 amethyst potions.
  2275 | D:3      | Noticed Sigmund
  2276 | D:3      | 2276 ||| DRINKING potion of curing.
  2276 | D:3      | 2276 ||| (to cure confusion)
  2285 | D:3      | HP: 3/28 [Sigmund/magic dart (11)]
  2286 | D:3      | Killed Sigmund
  2287 | D:3      | Reached XP level 5. HP: 3/32 MP: 5/5
  2287 | D:3      | Reached XP level 6. HP: 4/37 MP: 6/6
  2580 | D:3      | Noticed Grinder
  2587 | D:3      | Paralysed by Grinder for 4 turns
  2600 | D:3      | Killed Grinder
  2765 | D:3      | Reached XP level 7. HP: 40/41 MP: 7/7
  2973 | D:3      | Found a broken altar of Ashenzari.
  3047 | D:3      | Found a sparkling altar of Nemelex Xobeh.
  3047 | D:3      | Found a transporter.
  3367 | D:3      | 3367 ||| UPGRADING to ring of protection from cold.
  3368 | D:3      | 3368 ||| READING 2 scrolls labelled VUIVO PIZALAWI.
  3369 | D:3      | 3369 ||| READING 2 scrolls labelled NATUGG GIFIE.
  3370 | D:3      | 3370 ||| READING scroll labelled RALAIKKAKIU.
  3371 | D:3      | 3371 ||| READING scroll labelled KUICWE SETA.
  3372 | D:3      | 3372 ||| READING scroll labelled FUEZACZAMUA.
  3377 | D:3      | 3377 ||| DRINKING 2 inky potions.
  3378 | D:3      | 3378 ||| DRINKING 2 brown potions.
  3379 | D:3      | 3379 ||| DRINKING 2 glowing green potions.
  3380 | D:3      | 3380 ||| DRINKING 2 sapphire potions.
  3441 | D:3      | 3441 ||| READING 5 scrolls of identify.
  3441 | D:3      | 3441 ||| IDENTIFYING blue potion
  3442 | D:3      | 3442 ||| READING 4 scrolls of identify.
  3442 | D:3      | 3442 ||| IDENTIFYING sedimented pink potion
  3443 | D:3      | 3443 ||| READING 3 scrolls of identify.
  3443 | D:3      | 3443 ||| IDENTIFYING sedimented golden potion
  3444 | D:3      | 3444 ||| DROPPING potion of degeneration.
  3445 | D:3      | 3445 ||| DROPPING potion of magic.
  3446 | D:3      | 3446 ||| DROPPING potion of berserk rage.
  3447 | D:3      | 3447 ||| DROPPING scroll of vulnerability.
  3719 | D:4      | 3719 ||| FLEEEEING.
  3722 | D:4      | 3722 ||| FLEEEEING.
  3723 | D:4      | 3723 ||| FLEEEEING.
  3724 | D:4      | 3724 ||| FLEEEEING.
  3725 | D:4      | 3725 ||| FLEEEEING.
  3726 | D:4      | 3726 ||| FLEEEEING.
  3727 | D:4      | 3727 ||| FLEEEEING.
  3729 | D:4      | 3729 ||| FLEEEEING.
  3730 | D:4      | 3730 ||| FLEEEEING.
  3731 | D:4      | 3731 ||| FLEEEEING.
  3732 | D:4      | 3732 ||| FLEEEEING.
  3733 | D:4      | 3733 ||| FLEEEEING.
  3734 | D:4      | 3734 ||| FLEEEEING.
  3735 | D:4      | 3735 ||| FLEEEEING.
  3740 | D:4      | 3740 ||| FLEEEEING.
  4564 | D:4      | 4564 ||| READING 3 scrolls labelled DIWUPH DUSKIZ.
  4565 | D:4      | 4565 ||| DROPPING +1 flail of holy wrath.
  4566 | D:4      | 4566 ||| READING 2 scrolls of brand weapon.
  4566 | D:4      | 4566 ||| BRANDING +0 war axe of flaming.
  4567 | D:4      | 4567 ||| READING scroll of brand weapon.
  4567 | D:4      | 4567 ||| BRANDING +0 war axe of venom.
  4609 | D:5      | Entered Level 5 of the Dungeon
  4614 | D:5      | 4614 ||| Stepping ~*~*~tactically~*~*~ (stealth).
  4621 | D:5      | Noticed a steam dragon
  4622 | D:5      | 4622 ||| Stepping ~*~*~tactically~*~*~ (stealth).
  4631 | D:5      | Reached skill level 6 in Axes
  4639 | D:5      | 4639 ||| FLEEEEING.
  4640 | D:5      | 4640 ||| FLEEEEING.
  4641 | D:5      | 4641 ||| FLEEEEING.
  4642 | D:5      | 4642 ||| STAIRDANCE
  4689 | D:5      | Reached skill level 6 in Shields
  4689 | D:5      | 4689 ||| STAIRDANCE
  4782 | D:5      | 4782 ||| Stepping ~*~*~tactically~*~*~ (hiding).
  4794 | D:5      | Reached skill level 1 in Dodging
  4794 | D:5      | Reached XP level 8. HP: 22/48 MP: 8/8
  5108 | D:5      | Found a radiant altar of Vehumet.
  5110 | D:5      | 5110 ||| Stepping ~*~*~tactically~*~*~ (hiding).
  5176 | D:5      | 5176 ||| Stepping ~*~*~tactically~*~*~ (stealth).
  5201 | D:5      | 5201 ||| Stepping ~*~*~tactically~*~*~ (stealth).
  5202 | D:5      | 5202 ||| Stepping ~*~*~tactically~*~*~ (stealth).
  5241 | D:5      | 5241 ||| Stepping ~*~*~tactically~*~*~ (stealth).
  5242 | D:5      | 5242 ||| Stepping ~*~*~tactically~*~*~ (stealth).
  5289 | D:5      | Found an ornate altar of the Wu Jian Council.
  5383 | D:5      | Noticed a hornet
  5394 | D:5      | HP: 6/48 [hornet (7)]
  5395 | D:5      | 5395 ||| READING 2 scrolls of teleportation.
  5396 | D:5      | 5396 ||| DRINKING potion of heal wounds.
  5398 | D:5      | Found a snail-covered altar of Cheibriados.
  5404 | D:5      | HP: 12/48 [hornet (7)]
  5405 | D:5      | 5405 ||| READING scroll of teleportation.
  5607 | D:5      | 5607 ||| Stepping ~*~*~tactically~*~*~ (stealth).
  5612 | D:5      | 5612 ||| Stepping ~*~*~tactically~*~*~ (stealth).
  5642 | D:5      | HP: 11/48 [hornet (3)]
  5644 | D:5      | HP: 2/48 [hornet (10)]
  5646 | D:5      | Slain by a hornet

Levels and vault maps discovered:
D:1:      dpeg_arrival_tiny_b, layout_rooms, nicolae_ecumenical_snake_handling,
          serial_glass, glass_columns_c, glass_columns_c, glass_columns_c,
          glass_columns_b, glass_columns_b, glass_columns_c, glass_columns_a,
          glass_columns_c, glass_columns_b, glass_columns_c, glass_columns_a,
          glass_columns_a, glass_columns_b, glass_columns_a,
          minmay_misc_feat_doors, grunt_decor_clamped
D:2:      layout_basic
D:3:      kennysheep_the_goblin_king, layout_loops_corners,
          grunt_nemelex_the_gamble, lemuel_doored_altar, uniq_grinder,
          uniq_sigmund
D:4:      layout_loops_ring
D:5:      layout_rooms, lemuel_round_altar, nicolae_overflow_hidden_temple,
          nicolae_wu_jian_glorious_leap, nicolae_overflow_crystal_walls,
          palyth_stone_intersect, chequers_serial_rivers_micro_d

Skill      XL: |  1  2  3  4  5  6  7 |
---------------+----------------------+-----
Axes           | 2 3 4 6 |  6.9
Throwing       | 1 |  1.0
Shields        | 5 6 |  6.1
Fighting       | 4 |  4.0
Dodging        | 1 |  1.6
Armour         | |  3.2

Action                   |  1- 3 |  4- 6 |  7- 9 || total
-------------------------+-------+-------+-------++-------
Melee: War axe           |   106 |    46 |   173 ||   325
Throw: Javelin           |    18 |    12 |    48 ||    78
       Boomerang         |       |       |     3 ||     3
  Use: Scroll            |     4 |     2 |    13 ||    19
       Potion            |       |     2 |     5 ||     7
Armor: Scale mail        |    53 |       |       ||    53
       Ring mail         |       |    33 |    96 ||   129
Dodge: Dodged            |    45 |    16 |    53 ||   114
Block: Buckler           |    16 |       |       ||    16
       Kite shield       |     8 |    23 |    70 ||   101

Table legend:
 A = Non-vault XP
 B = Vault XP
 C = Vault XP percentage of total XP
 D = Non-vault monster count
 E = Vault monster count
 F = Vault count percentage of total count
                 A         B        C        D         E       F
            +---------+---------+-------+---------+---------+-------
      Total |    1000 |     518 |  34.1 |      92 |      10 |   9.8
            +---------+---------+-------+---------+---------+-------
        D:1 |      61 |       1 |   1.6 |      24 |       1 |   4.0
        D:2 |      26 |       0 |   0.0 |      15 |       0 |   0.0
        D:3 |      20 |     517 |  96.3 |      12 |       9 |  42.9
        D:4 |     351 |       0 |   0.0 |      25 |       0 |   0.0
        D:5 |     542 |       0 |   0.0 |      16 |       0 |   0.0
            +---------+---------+-------+---------+---------+-------
